 Dungeon Crawl Stone Soup version 0.31-a0-889-g1a8549509d (webtiles) character file.

Game seed: 15141818059397691663

72 gelatine the Ducker (level 4, -1/45 HPs)
             Began as an Ogre Gladiator on Oct 17, 2023.
             Succumbed to an adder's poison
             ... on level 2 of the Dungeon.
             The game lasted 00:04:14 (1876 turns).

gelatine the Ducker (Ogre Gladiator)                Turns: 1876, Time: 00:04:15

Health: -1/45      AC:  3    Str: 20    XL:     4   Next: 25%
Magic:  4/4        EV: 10    Int:  9    God:
Gold:   53         SH:  0    Dex: 10    Spells: 3/3 levels left

rFire   . . .        n - +0 whip (vamp)
rCold   . . .        (no shield)
rNeg    . . .        a - +0 robe
rPois   .            b - +0 hat
rElec   .            (no cloak)
rCorr   .            (gloves unavailable)
SInv    .            (boots unavailable)
Will    .....        (no amulet)
Stlth   +            (no ring)
HPRegen 0.27/turn    (no ring)
MPRegen 0.09/turn

%: no passive effects
@: lethally poisoned (-1 -> -7), attractive
A: large, unfitting armour, tough skin 1, hooves 1, passive freeze, devolution 1
a: no special abilities


You were on level 2 of the Dungeon.
You visited 1 branch of the dungeon, and saw 2 of its levels.

You collected 53 gold pieces.

Inventory:

Hand Weapons
 n - a +0 vampiric whip (weapon)
Missiles
 c - 2 throwing nets (quivered)
 d - a large rock
 j - 4 javelins
Armour
 a - a +0 robe (worn)
 b - a +0 hat (worn)
Scrolls
 e - a scroll of noise {unknown}
 f - a scroll of blinking {unknown}
 h - a scroll of acquirement {unknown}
 m - a scroll of identify {unknown}
Potions
 l - a potion of lignification {unknown}


   Skills:
 * Level 3.4 Fighting
 * Level 1.1 Maces & Flails
 * Level 2.3 Throwing
 * Level 3.4 Dodging
 * Level 0.3 Stealth
 + Level 3.0 Unarmed Combat


You had 3 spell levels left.
You didn't know any spells.
Your spell library contained the following spells:

 Spells                   Type           Power      Damage    Failure   Level
 Static Discharge         Conj/Air       0%         2-2/arc   52%         2
 Airstrike                Air            0%         2d(0-16)  99%         4
 Summon Lightning Spire   Summ/Air       0%         N/A       99%         4


Dungeon Overview and Level Annotations

Branches:
Dungeon (2/15)

Altars:
Gozag


Innate Abilities, Weirdness & Mutations

You are too large for most types of armour.
You have tough skin. (AC +1)
You have large cloven feet.
A frigid envelope surrounds you and freezes all who hurt you.
You have hidden genetic defects.


Message History

You barely miss the adder.
You feel very sick. The adder bites you.
You are more poisoned.
The adder poisons you!
You miss the adder.
You feel very sick. The adder bites you.
You are more poisoned.
The adder poisons you! The adder bites you.
* * * LOW HITPOINT WARNING * * *
You hit the adder but do no damage.
* * * LOW HITPOINT WARNING * * *
You feel very sick. The adder barely misses you.
You hit the adder.
You feel better.
The adder is heavily wounded.
You feel sick. The adder closely misses you.
You closely miss the adder.
The adder is heavily wounded.
You feel sick. The adder bites you.
* * * LOW HITPOINT WARNING * * *
The adder bites you.
* * * LOW HITPOINT WARNING * * *
You are more poisoned.
The adder poisons you!
You hit the adder.
The adder is severely wounded.
* * * LOW HITPOINT WARNING * * *
You feel very sick. The adder bites you.
* * * LOW HITPOINT WARNING * * *
It was a potion of attraction.
You feel attractive to monsters.
* * * LOW HITPOINT WARNING * * *
You feel sick. The adder bites you but does no damage.
It was a potion of mutation.
You feel extremely strange.
You feel a hidden malignance growing inside you.
Your skin feels very cold.
Your feet thicken and deform.
You die...

#.............#
#.....#
#.............#
#####..
#.............# ###
#.............# #
#.............# ###
#.............# #..
#.............# #..
####.#####..)#####
#..
#...@S....'...#####..
#######...#.......#..
#...#.......#..
#..†#.......#..
#...#..........
#...#..........
#...###........
#######..(# #........
..........# #........


You could see an adder.

Vanquished Creatures
  3 adders (D:2)
  A dart slug (D:2)
  A ball python (D:1)
  3 endoplasms
  6 goblins
  5 hobgoblins
  2 jackals (D:2)
  4 quokkas
  5 bats
  3 frilled lizards
  3 kobolds
  3 rats
39 creatures vanquished.

Notes
Turn   | Place    | Note
-------+----------+-------------------------------------------
     0 | D:1      | gelatine the Ogre Gladiator began the quest for the Orb.
     0 | D:1      | Reached XP level 1. HP: 22/22 MP: 1/1
   264 | D:1      | Reached XP level 2. HP: 4/29 MP: 2/2
   374 | D:1      | Found a faded altar of an unknown god.
   844 | D:1      | Reached XP level 3. HP: 37/37 MP: 3/3
  1642 | D:2      | Reached skill level 1 in Maces & Flails
  1642 | D:2      | Reached XP level 4. HP: 45/45 MP: 4/4
  1728 | D:2      | Found an opulent altar of Gozag.
  1875 | D:2      | HP: 1/45 [poisoned by an adder]
  1876 | D:2      | Gained mutation: You have hidden genetic defects. [potion
                  | of mutation]
  1876 | D:2      | Gained mutation: A frigid envelope surrounds you and
                  | freezes all who hurt you. [potion of mutation]
  1876 | D:2      | Gained mutation: You have large cloven feet. [potion of
                  | mutation]
  1876 | D:2      | Succumbed to an adder's poison

Illustrated notes

Levels and vault maps discovered:
D:1:      saegor_arrival_fortress, layout_loops_ring,
          hellmonk_ecumenical_altar_heavens_door, minmay_misc_feat_chi
D:2:      layout_basic, basic_altar

Skill      XL: |  1  2  3 |
---------------+----------+-----
Dodging        | 3 |  3.4
Unarmed Combat | 3 |  3.0
Fighting       | 3 |  3.4
Maces & Flails | 1 |  1.1
Throwing       | |  2.3
Stealth        | |  0.3

Action                     |  1- 3 |  4- 6 || total
---------------------------+-------+-------++-------
  Melee: Unarmed           |    36 |       ||    36
         Club              |    63 |       ||    63
         Punch             |     3 |       ||     3
         Whip              |    62 |    38 ||   100
  Throw: Throwing net      |     1 |       ||     1
    Use: Potion            |       |     2 ||     2
 Armour: Robe              |   118 |    28 ||   146
  Dodge: Dodged            |    85 |    22 ||   107

Table legend: (Time is in decaauts)
 A = Elapsed time spent in this place.
 B = Non-inter-level travel time spent in this place.
 C = Inter-level travel time spent in this place.
 D = Time resting spent in this place.
 E = Time spent auto-exploring this place.
 F = Levels seen in this place.
 G = Mean time per level.
                   A        B        C        D        E       F      G
               +--------+--------+--------+--------+--------+-----+--------+
         Total |   1898 |   1881 |     17 |      0 |   1435 |   2 |  949.0 |
       Dungeon |   1898 |   1881 |     17 |      0 |   1435 |   2 |  949.0 |
               +--------+--------+--------+--------+--------+-----+--------+

Top non-repeatable levels by time:
     D:1: 1094 daAuts
     D:2: 803 daAuts
